 Dungeon Crawl Stone Soup version 0.29-a0-1027-gcd8c55af63 (webtiles) character file.

Game seed: 6539756761294497666

1659 quixfox the Conjurer (level 8, -22/56 HPs)
             Began as a Demonspawn Conjurer on Aug 13, 2022.
             Was a Follower of Vehumet.
             Annihilated by a two-headed ogre
             ... wielding a +0 giant spiked club
              (33 damage)
             ... on level 6 of the Dungeon.
             The game lasted 00:23:47 (7957 turns).

quixfox the Conjurer (Demonspawn Conjurer)          Turns: 7957, Time: 00:23:48

Health: -22/56     AC:  6    Str:  7    XL:     8   Next: 68%
Magic:  14/16      EV: 12    Int: 22    God:    Vehumet [*.....]
Gold:   274        SH:  5    Dex: 12    Spells: 13/18 levels left

rFire   . . .      SeeInvis .   g - +4 short sword (venom)
rCold   . . .      Faith    .   (no shield)
rNeg    . . .      Spirit   .   a - +0 robe
rPois   .          Reflect  +   A - +1 helmet
rElec   .          Harm     .   (no cloak)
rCorr   .          Rampage  .   n - +1 pair of gloves
Will    ++...                   (no boots)
Stlth   ++........              i - amulet of reflection
HPRegen 0.18/turn               q - ring of willpower
MPRegen 0.15/turn               B - ring of willpower

@: no status effects
A: hooves 2, sturdy frame 1
a: Renounce Religion


You were on level 6 of the Dungeon.
You worshipped Vehumet.
Vehumet was aware of your devotion.
You visited 2 branches of the dungeon, and saw 7 of its levels.

You collected 274 gold pieces.

Inventory:

Hand Weapons
 g - a +4 short sword of venom (weapon)
Missiles
 f - a throwing net
Armour
 a - a +0 robe (worn)
 n - a +1 pair of gloves (worn)
 A - a +1 helmet (worn)
Jewellery
 i - an amulet of reflection (around neck)
 q - a ring of willpower (left hand)
 B - a ring of willpower (right hand)
Scrolls
 c - a scroll of amnesia
 d - a scroll of enchant weapon
 j - 2 scrolls of butterflies {unknown}
 k - 2 scrolls of teleportation {unknown}
 m - a scroll of immolation {unknown}
 o - a scroll of torment {unknown}
 s - a scroll of fear {unknown}
 v - a scroll of vulnerability {unknown}
 y - a scroll of brand weapon {unknown}
 z - a scroll of silence {unknown}
Potions
 b - a potion of magic
 e - 4 potions of might
 h - a potion of lignification {unknown}
 p - a potion of degeneration {unknown}
 r - 6 potions of curing
 t - 2 potions of mutation
 u - 2 potions of resistance {unknown}
 w - a potion of brilliance {unknown}
 x - a potion of cancellation {unknown}


   Skills:
 - Level 2.0 Fighting
 + Level 1.0 Short Blades
 + Level 2.0 Dodging
 - Level 1.7 Stealth
 + Level 5.9 Spellcasting
 + Level 7.2 Conjurations
 - Level 4.2 Necromancy
 - Level 4.1 Earth Magic


You had 13 spell levels left.
You knew the following spells:

 Your Spells              Type           Power      Damage    Failure   Level
a - Magic Dart            Conj           100%       1d8       1%          1
b - Necrotise             Necr           100%       1d9       1%          1
c - Searing Ray           Conj           76%        2d7       1%          2
d - Sandblast             Erth           48%        2d12      1%          1

Your spell library contained the following spells:

 Spells                   Type           Power      Damage    Failure   Level
 Vampiric Draining        Necr           25%        2d7       4%          3
 Dazzling Flash           Conj/Hex       44%        N/A       6%          3
 Apportation              Tloc           12%        N/A       10%         1
 Fulminant Prism          Conj/Hex       11%        3d9       21%         4
 Iskenderun's Mystic Bla  Conj/Tloc      22%        2d6       21%         4
 Agony                    Necr           25%        N/A       41%         5
 Alistair's Intoxication  Tmut/Pois      4%         N/A       95%         5


Dungeon Overview and Level Annotations

Branches:
Dungeon (6/15)             Temple (1/1) D:4

Altars:
Hepliaklqana
Makhleb
Qazlal
Trog
Vehumet

Annotations:
D:3 Sigmund
D:5 2 transporters, ytrimaz's ghost, amateur OpTm


Innate Abilities, Weirdness & Mutations

You have hoof-like feet.
Your movements are slightly less encumbered by armour. (ER -2)


Message History

The blast of sand hits the kobold!!
You kill the kobold!
Vehumet accepts your kill.
The kobold throws a stone.
The stone barely misses you.
Aiming: Sandblast (safe; 1% risk of failure)
Press: ? - help, Q - select action, (/) - cycle Shift-Dir - straight line, f - kobold
Aim: a kobold, wielding a +0 dagger and quivering stones (79% to hit)
The blast of sand hits the kobold!!
You kill the kobold!
Vehumet accepts your kill.
You feel your power returning.
Things that are here:
a +0 whip; 3 stones You now have 274 gold pieces (gained 5).
Things that are here:
5 stones; a +2 whip of holy wrath The two-headed ogre shouts in stereo!
Items here: $ ( ) รท.
A kobold comes into view. It is wielding a +0 short sword.
Casting: Sandblast (safe; 1% risk of failure)
Confirm with . or Enter, or press ? or * to list all spells.
Okay, then.
Aiming: Sandblast (safe; 1% risk of failure)
Press: ? - help, Q - select action, (/) - cycle Shift-Dir - straight line, f - two-headed ogre
Aim: a two-headed ogre, wielding a +0 giant spiked club and a +0 giant club (92% to hit)
The blast of sand hits the two-headed ogre.
The two-headed ogre is lightly wounded.
The kobold shouts!
The two-headed ogre hits you with a +0 giant spiked club!!
Ouch! That really hurt!
The two-headed ogre hits you with a +0 giant club!
* * * LOW HITPOINT WARNING * * *
Aiming: Sandblast (safe; 1% risk of failure)
Press: ? - help, Q - select action, (/) - cycle Shift-Dir - straight line, f/p - two-headed ogre
Aim: a two-headed ogre, wielding a +0 giant spiked club and a +0 giant club (lightly wounded, 92% to hit)
The blast of sand hits the two-headed ogre!
The two-headed ogre is moderately wounded.
The two-headed ogre hits you with a +0 giant spiked club!!
Ouch! That really hurt!
You die...

#..........................#..
#.............................
#.........#........^.......>#
#.........##.....#<..[<...#.#.
...........#.....#............
........##.#..#.#).##.....#...
...#.##..#....#.$.#..(###.# .
...#.###........O...#.# .#
...#.#####......@..##.# #
#.##................#.#
#...................(.##
###...###.........)....#
......####........K).#......
.........#...........#.##.#.
..##.###.............#.. ..
####.................#### ..
#######.............##.. .


You could see a two-headed ogre and a kobold.

Vanquished Creatures
  An orc warrior (D:6)
  3 black bears
  2 ice beasts (D:6)
  2 phantoms (D:5)
  3 kobold brigands
  A bullfrog (D:5)
  5 wights (D:6)
  A jelly (D:5)
  2 hounds (D:5)
  3 orc priests
  2 iguanas
  2 orc wizards (D:6)
  7 adders
  An ufetubus (D:6)
  A worm (D:5)
  3 dart slugs
  9 orcs
  8 ball pythons
  7 bats
  5 endoplasms
  6 giant cockroaches
  5 hobgoblins
  18 kobolds
  5 quokkas
  2 frilled lizards
  4 goblins
  8 rats
116 creatures vanquished.

Vanquished Creatures (collateral kills)
  A kobold (D:5)
1 creature vanquished.

Grand Total: 117 creatures vanquished

Notes
Turn   | Place    | Note
-------+----------+-------------------------------------------
     0 | D:1      | quixfox the Demonspawn Conjurer began the quest for the
                  | Orb.
     0 | D:1      | Reached XP level 1. HP: 13/13 MP: 3/3
   335 | D:1      | Gained mutation: You have large cloven feet. [demonic
                  | ancestry]
   335 | D:1      | Reached XP level 2. HP: 20/20 MP: 0/5
   435 | D:1      | Reached skill level 1 in Fighting
   923 | D:1      | Found a faded altar of an unknown god.
  1047 | D:1      | Reached XP level 3. HP: 26/26 MP: 4/6
  1702 | D:2      | Learned a level 1 spell: Necrotise
  2181 | D:2      | Gained mutation: Your movements are slightly less
                  | encumbered by armour. (ER -2) [demonic ancestry]
  2181 | D:2      | Reached XP level 4. HP: 33/33 MP: 6/8
  2505 | D:3      | Found a hazy altar of Hepliaklqana.
  2548 | D:3      | Noticed Sigmund
  2769 | D:3      | Found a stormy altar of Qazlal.
  3061 | D:4      | Reached skill level 1 in Necromancy
  3521 | D:3      | Gained mutation: You have hoof-like feet. [demonic
                  | ancestry]
  3521 | D:3      | Reached XP level 5. HP: 38/38 MP: 4/9
  3585 | D:4      | Found a staircase to the Ecumenical Temple.
  3594 | Temple   | Entered the Ecumenical Temple
  3643 | Temple   | Became a worshipper of Vehumet
  3812 | D:5      | Entered Level 5 of the Dungeon
  4025 | D:5      | Reached skill level 5 in Conjurations
  4069 | D:5      | Noticed a phantom
  4081 | D:5      | Noticed a phantom
  4084 | D:5      | Killed a phantom
  4109 | D:5      | Reached XP level 6. HP: 21/44 MP: 0/11
  4522 | D:5      | Noticed ytrimaz's ghost (amateur OpTm)
  4524 | D:5      | Found a transporter.
  4529 | D:5      | Found a transporter.
  4865 | D:6      | Noticed a two-headed ogre
  4983 | D:6      | Noticed an ice beast
  5178 | D:5      | Reached XP level 7. HP: 9/50 MP: 4/13
  5628 | D:5      | Reached skill level 6 in Conjurations
  5919 | D:5      | Learned a level 2 spell: Searing Ray
  6148 | D:6      | Reached * piety under Vehumet
  6148 | D:6      | Offered knowledge of Sandblast by Vehumet.
  6153 | D:5      | Learned a level 1 spell: Sandblast
  6228 | D:6      | Reached skill level 5 in Spellcasting
  6228 | D:6      | Reached skill level 1 in Earth Magic
  6406 | D:6      | Reached XP level 8. HP: 56/56 MP: 7/15
  6832 | D:6      | Reached skill level 7 in Conjurations
  7727 | D:6      | Reached skill level 1 in Short Blades
  7957 | D:6      | Annihilated by a two-headed ogre

Illustrated notes

Levels and vault maps discovered:
D:1:      enne_arrival_octagon_isle, layout_rooms,
          hellmonk_ecumenical_altar_pennies_from_heaven, bh_walls_and_bars
D:2:      kennysheep_six_static_rooms, layout_basic
D:3:      layout_basic, overflow_temple_1_default, mainiacjoe_overflow_catwalk,
          uniq_sigmund
D:4:      layout_rooms, minmay_temple_entry_mist
D:5:      layout_basic, gammafunk_ghost_hive, kennysheep_minor_cross
D:6:      minmay_diamond_boxcup, layout_rooms, serial_shops,
          kennysheep_mini_moat
Temple:   dpeg_five_rooms_temple

Skill      XL: |  1  2  3  4  5  6  7  8 |
---------------+-------------------------+-----
Fighting       | 1 2 |  2.0
Necromancy     | 1 2 3 4 |  4.2
Spellcasting   | 3 4 5 |  5.9
Conjurations   | 5 6 7 |  7.2
Earth Magic    | 2 4 |  4.1
Short Blades   | 1 |  1.0
Dodging        | 2 |  2.0
Stealth        | |  1.7

Action                   |  1- 3 |  4- 6 |  7- 9 || total
-------------------------+-------+-------+-------++-------
Melee: Short sword       |     7 |    11 |    31 ||    49
       Unarmed           |     3 |       |       ||     3
       Kick              |       |     3 |    13 ||    16
       Punch             |       |       |     2 ||     2
 Cast: Magic Dart        |    87 |   112 |    58 ||   257
       Necrotise         |       |    20 |     2 ||    22
       Searing Ray       |       |       |    13 ||    13
       Sandblast         |       |       |    38 ||    38
  Use: Scroll            |       |     6 |     1 ||     7
       Potion            |       |     1 |     1 ||     2
Armor: Robe              |     4 |    19 |    52 ||    75
Dodge: Dodged            |    19 |    36 |    92 ||   147
Block: Other             |     1 |    13 |    38 ||    52
       Reflection        |       |     1 |       ||     1

Table legend: (Time is in decaauts)
 A = Elapsed time spent in this place.
 B = Non-inter-level travel time spent in this place.
 C = Inter-level travel time spent in this place.
 D = Time resting spent in this place.
 E = Time spent auto-exploring this place.
 F = Levels seen in this place.
 G = Mean time per level.
                   A        B        C        D        E       F      G
               +--------+--------+--------+--------+--------+-----+--------+
         Total |   8031 |   7500 |    531 |   2698 |   3475 |   7 | 1147.3 |
       Dungeon |   7949 |   7451 |    498 |   2698 |   3438 |   6 | 1324.8 |
        Temple |     82 |     49 |     33 |      0 |     37 |   1 |   82.0 |
               +--------+--------+--------+--------+--------+-----+--------+

Top non-repeatable levels by time:
     D:5: 2802 daAuts
     D:6: 1410 daAuts
     D:1: 1277 daAuts
     D:2: 1274 daAuts
     D:4: 744 daAuts
     D:3: 439 daAuts
  Temple: 82 daAuts
